 Seeded DCSS version 0.28-a0-1613-gdaab1c2f9b (webtiles) character file.

Game seed: 11 (custom seed)

7 knot the Skirmisher (level 1, -1/18 HPs)
             Began as a Demonspawn Berserker on Jan 21, 2022.
             Was a Follower of Trog.
             Slain by a kobold (13 damage)
             ... on level 1 of the Dungeon.
             The game lasted 00:00:08 (60 turns).

knot the Skirmisher (Demonspawn Berserker)            Turns: 60, Time: 00:00:08

Health: -1/18      AC:  2    Str: 17    XL:     1   Next: 91%
Magic:  1/1        EV: 12    Int:  8    God:    Trog [*.....]
Gold:   7          SH:  0    Dex: 12    Spells: 0/0 levels left

rFire   . . .      SeeInvis .   a - +0 hand axe
rCold   . . .      Faith    .   (no shield)
rNeg    . . .      Spirit   .   b - +0 animal skin
rPois   .          Reflect  .   (no helmet)
rElec   .          Harm     .   (no cloak)
rCorr   .          Rampage  .   (no gloves)
Will    .....                   (no boots)
Stlth   +.........              (no amulet)
HPRegen 0.06/turn               (no ring)
MPRegen 0.07/turn               (no ring)

@: on berserk cooldown, slowed, very slow
A: no striking features
a: Renounce Religion, Berserk


You were on level 1 of the Dungeon.
You worshipped Trog.
Trog was aware of your devotion.
You visited 1 branch of the dungeon, and saw 1 of its levels.

You collected 7 gold pieces.

Inventory:

Hand Weapons
 a - a +0 hand axe (weapon)
Armour
 b - a +0 animal skin (worn)
Potions
 c - a potion of brilliance {unknown}


   Skills:
 + Level 3.1 Fighting
 + Level 2.8 Axes
 + Level 2.0 Armour
 + Level 2.0 Dodging


You couldn't memorise any spells.
You didn't know any spells.
Your spell library was empty.

Dungeon Overview and Level Annotations

Branches:
Dungeon (1/15)

Altars:


Message History

You kill the kobold!
Trog accepts your kill.
You barely miss the kobold.
The kobold throws a stone.
The stone barely misses you.
The stone barely misses the bat.
The bat closely misses you.
You slash the kobold!
You kill the kobold!
Trog accepts your kill.
You closely miss the bat. The bat misses you.
The kobold throws a stone.
The stone hits you but does no damage.
You slash the ball python!
You feel the power of Trog in you as your rage grows.
You kill the ball python!
Trog accepts your kill.
You barely miss the kobold. You miss the bat. The bat barely misses you.
You barely miss the kobold.
The kobold shouts!
You slash the bat!
You kill the bat!
Trog accepts your kill. The kobold barely misses you.
Your Dodging skill increases to level 2!
You hit the kobold.
You kill the kobold!
Trog accepts your kill.
The kobold throws a stone.
The stone misses you.
Your Armour skill increases to level 2!
You see here a +0 club.
You feel a strong urge to attack something.
Found 2 gold pieces.
Found a stone staircase leading down.
You are no longer berserk.
You are exhausted.
You feel yourself slow down.
Found 17 stones.
The kobold hits you with a +1 dagger of electrocution.
The kobold barely misses you.
You barely miss the kobold. The kobold hits you but does no damage.
You are electrocuted!
Ouch! That really hurt!
You die...

.... ######
........#....######
........#..........
........#..........
..>.....#..........
........#...K....$.
.....).....@.......
......))#........>.
......).)..........
.#####.#.####......
#.#.# ...... #.#.#
.....(
#######...#.########
# ................
##.#.#####.###.....


You could see a kobold.

Vanquished Creatures
  An endoplasm (D:1)
  A goblin (D:1)
  2 ball pythons (D:1)
  A bat (D:1)
  3 kobolds (D:1)
8 creatures vanquished.

Notes
Turn   | Place    | Note
-------+----------+-------------------------------------------
     0 | D:1      | knot the Demonspawn Berserker began the quest for the Orb.
     0 | D:1      | Reached XP level 1. HP: 18/18 MP: 1/1
    60 | D:1      | Slain by a kobold

Illustrated notes

Levels and vault maps discovered:
D:1:      minmay_arrival_nine_rooms, layout_rooms, basic_ecumenical_altar

Skill      XL: |  1 |
---------------+----+-----
Dodging        | 2 |  2.0
Armour         | 2 |  2.0
Fighting       | |  3.1
Axes           | |  2.8

Action                   || total
-------------------------++-------
Melee: Hand axe          ||    11
Invok: Berserk           ||     1
Armor: Animal skin       ||     5
Dodge: Dodged            ||     9

Table legend: (Time is in decaauts)
 A = Elapsed time spent in this place.
 B = Non-inter-level travel time spent in this place.
 C = Inter-level travel time spent in this place.
 D = Time resting spent in this place.
 E = Time spent auto-exploring this place.
 F = Levels seen in this place.
 G = Mean time per level.
                   A        B        C        D        E       F      G
               +--------+--------+--------+--------+--------+-----+--------+
         Total |     57 |     57 |      0 |      0 |     35 |   1 |   57.0 |
       Dungeon |     57 |     57 |      0 |      0 |     35 |   1 |   57.0 |
               +--------+--------+--------+--------+--------+-----+--------+

Top non-repeatable levels by time:
     D:1: 57 daAuts
